Map: Apotheosis LE

Players

Voodoochilli

  • Race: Terran Terran
  • League: Diamond

Bruno - Winner!

  • Race: Terran Terran
  • League: Diamond

VOD

Have the link to the VOD?

Description

Time

  • Played on: Sept. 8, 2016, 11:44 a.m.
  • Length: 26:15
Show
View Real Time Build Order
Export as new Build Order

Voodoochilli Terran 

Build Orders: MMM Bio 

Get SALT Encoding   

  12  0:01  SCV  
  13  0:13  SCV  
  14  0:18  Supply Depot  
  14  0:25  SCV  
  15  0:40  SCV  
  16  0:43  Barracks  
  16  0:47  Refinery  
  16  0:52  SCV  
  17  1:02  Barracks  
  17  1:04  SCV  
  18  1:16  SCV  
  19  1:18  Supply Depot  
  19  1:24  Refinery  
  19  1:30  Reaper  
  20  1:41  Orbital Command  
  20  1:51  Reaper  
  21  2:13  Supply Depot  
  21  2:14  Reaper  
  22  2:23  Factory  
  22  2:24  SCV  
  22  2:27  Reaper  
  24  2:36  SCV  
  25  2:46  Reaper  
  25  2:48  SCV  
  27  2:59  Reaper  
  27  3:00  SCV  
  29  3:11  Hellion  
  29  3:12  SCV  
  31  3:18  Reaper  
  32  3:24  SCV  
  33  3:31  Reaper  
  33  3:36  SCV  
  33  3:48  SCV  
  33  3:50  Reaper  
  33  3:53  Hellion  
  33  3:54  Starport  
  37  4:00  SCV  
  38  4:08  Engineering Bay  
  38  4:12  Barracks Tech Lab  
  38  4:13  SCV  
  39  4:17  Factory Tech Lab  
  39  4:21  Supply Depot  
  39  4:24  Supply Depot  
  39  4:28  Supply Depot  
  39  4:29  Barracks Reactor  
  39  4:33  Stimpack  
  39  4:42  SCV, Marine  
  41  4:47  Banshee  
  41  4:48  Factory Reactor  
  44  4:54  SCV  
  45  5:05  Command Center  
  45  5:06  SCV  
  45  5:10  Marauder, Marine  
  45  5:11  Marine  
  42  5:18  SCV  
  41  5:21  Cloaking Field  
  41  5:26  Hellion x2  
  45  5:32  Marauder  
  45  5:33  Supply Depot  
  45  5:34  SCV  
  48  5:35  Marine  
  49  5:43  Banshee  
  49  5:48  Hellion x2  
  49  5:49  Marine  
  57  5:53  Marine  
  58  5:59  SCV  
  58  6:00  Missile Turret  
  58  6:03  Marine  
  60  6:07  Marine  
  60  6:09  Hellion  
  63  6:11  SCV  
  63  6:15  Marine  
  65  6:23  SCV  
  66  6:30  Marine  
  66  6:31  Marine  
  68  6:33  Marine  
  68  6:38  Barracks  
  67  6:40  Barracks  
  65  6:51  Marine x2  
  60  6:55  Combat Shields  
  60  6:58  Terran Infantry Weapons Level 1  
  60  6:59  Banshee  
  61  7:03  Marine  
  61  7:07  SCV  
  63  7:08  Orbital Command  
  63  7:11  Marine  
  64  7:19  SCV  
  64  7:21  Marauder  
  67  7:31  SCV  
  67  7:35  Marine x2  
  67  7:38  Barracks Reactor  
  67  7:39  Barracks Reactor  
  67  7:42  SCV  
  67  7:43  Refinery, Marauder  
  70  7:52  Supply Depot  
  70  7:53  Marine x2  
  72  7:59  SCV  
  72  8:04  Marauder  
  75  8:06  Command Center  
  75  8:09  Medivac  
  75  8:11  SCV x2, Marine  
  80  8:15  Marine  
  80  8:16  Missile Turret  
  81  8:23  SCV, Marine  
  81  8:24  SCV, Siege Tank  
  81  8:26  Marauder  
  89  8:33  Marine x3  
  89  8:34  Marine x2  
  94  8:42  SCV, Marine  
  94  8:47  Marauder  
  98  8:52  Marine x2  
  100  8:57  Marine  
  100  8:59  Medivac  
  100  9:03  SCV  
  100  9:08  Missile Turret, Refinery  
  101  9:17  Supply Depot  
  101  9:18  Siege Tank, Marauder  
  101  9:21  Missile Turret  
  101  9:22  Orbital Command  
  101  9:24  Missile Turret, SCV x2  
  106  9:29  Marine x4  
  112  9:36  Terran Infantry Armor Level 1  
  112  9:38  Barracks  
  112  9:39  Marauder  
  112  9:41  Marine  
  112  9:45  Marine  
  115  9:47  Marine  
  115  9:51  Marine  
  118  9:55  Medivac  
  118  9:59  Marine  
  121  10:01  Marauder  
  121  10:03  Marine  
  123  10:07  Armory  
  123  10:10  Marine x2  
  123  10:12  Engineering Bay  
  125  10:15  Supply Depot x2  
  125  10:16  Marine  
  125  10:18  Supply Depot  
  125  10:19  Marine  
  127  10:22  Marauder  
  127  10:23  Marine x2  
  127  10:26  Concussive Shells  
  127  10:27  Missile Turret  
  131  10:31  Viking  
  131  10:35  Supply Depot  
  133  10:36  SCV, Viking  
  133  10:39  Siege Tank, Supply Depot  
  139  10:44  Marauder  
  139  10:46  Marine  
  139  10:47  Marine  
  139  10:48  Marine x2  
  139  10:49  Marine  
  146  10:52  Marine  
  147  10:57  Marine  
  148  11:05  Marauder  
  148  11:09  Marine  
  141  11:26  Marauder  
  141  11:27  Marine  
  141  11:29  Marine x2  
  141  11:30  Marine  
  147  11:33  Marine  
  147  11:35  Siege Tank  
  151  11:48  Marine x2, Marauder  
  151  11:49  Marine  
  151  11:50  Marine x2  
  151  11:51  Marine  
  151  11:53  Terran Infantry Weapons Level 2  
  151  11:54  Terran Infantry Armor Level 2  
  160  11:57  Barracks Tech Lab  
  160  11:58  Barracks x2  
  160  11:59  Barracks  
  159  12:06  Marine x2  
  159  12:09  Marauder  
  156  12:19  Marauder, Marine x2  
  150  12:28  Marine x2  
  150  12:29  Marine x2  
  152  12:31  Marauder  
  152  12:36  Marine  
  152  12:37  Marine  
  154  12:41  Marauder  
  157  12:46  Marine x2  
  157  12:47  Marine x2  
  161  12:52  Marauder  
  161  12:54  Marine x2  
  162  13:02  Marauder  
  103  13:13  Marauder  
  103  13:15  Marine  
  103  13:16  Marine  
  103  13:18  Marine x3  
  103  13:19  Viking x2  
  96  13:23  Marauder  
  96  13:24  Marine  
  99  13:28  Barracks Reactor  
  99  13:29  Barracks Reactor x2, Barracks  
  99  13:32  Terran Vehicle Weapons Level 1, Barracks  
  99  13:33  Marine  
  100  13:35  Command Center, Marauder  
  100  13:39  Marine  
  100  13:40  Refinery  
  103  13:42  Refinery  
  103  13:45  Marauder  
  105  13:49  Viking  
  105  13:51  Command Center  
  107  13:56  Marauder  
  107  13:58  Marine  
  107  14:00  Marine x2  
  107  14:01  Marine  
  113  14:03  Siege Tank  
  113  14:04  Marine  
  113  14:06  Marauder  
  113  14:07  Marine  
  120  14:10  Marine x2  
  120  14:11  Marine  
  123  14:17  Marauder, Marine  
  123  14:19  Supply Depot  
  123  14:20  Marine  
  127  14:25  Marine  
  127  14:27  Marauder  
  126  14:32  Marine  
  126  14:35  Viking  
  129  14:39  Marauder  
  129  14:47  Marine x2  
  129  14:49  Marauder  
  129  14:50  Marine x2  
  129  14:51  Marine x2  
  137  15:00  Planetary Fortress, Marauder  
  139  15:07  Planetary Fortress  
  139  15:09  Missile Turret  
  139  15:10  Marauder  
  139  15:13  Marine x2  
  143  15:14  Marine x3  
  145  15:22  Marauder  
  145  15:29  SCV x3  
  145  15:32  Marauder  
  150  15:36  Viking  
  150  15:37  Viking  
  154  15:43  Marauder  
  154  15:49  Marine x4  
  153  15:53  Marine x2, Marauder  
  153  15:54  Marine  
  153  15:57  Marine x2  
  159  16:02  Marine x2  
  163  16:04  Marauder, Marine  
  163  16:06  Viking  
  163  16:07  Medivac, Marine  
  169  16:14  Marauder  
  169  16:15  Marine x3  
  173  16:21  Missile Turret  
  173  16:26  Marauder  
  175  16:35  Marine x3  
  175  16:36  Marauder, Medivac, Marine x3  
  185  16:47  Marauder  
  187  16:57  Marauder  
  187  16:58  Viking  
  191  17:06  Viking  
  191  17:07  Marine x2  
  195  17:09  Marauder  
  195  17:15  Marine x5  
  190  17:19  Marauder  
  190  17:22  Marine x2  
  184  17:30  Marauder  
  186  17:40  Marauder  
  188  17:51  Marauder  
  184  18:01  Marauder  
  169  18:09  Marine  
  169  18:10  Marine  
  156  18:12  Marine  
  156  18:13  Marauder  
  156  18:14  Siege Tank, Marine  
  156  18:15  Marine  
  156  18:16  Marine  
  163  18:23  Marauder  
  163  18:27  Marine x2  
  163  18:29  Marine x2  
  163  18:32  Marine  
  165  18:34  Marauder  
  165  18:40  Marine  
  166  18:43  SCV  
  166  18:44  Marauder, Marine x2  
  166  18:45  Marine  
  166  18:46  Siege Tank  
  172  18:50  Marine  
  172  18:51  Marine  
  176  18:55  Marauder  
  176  19:05  Marauder  
  176  19:06  Orbital Command  
  176  19:07  Marine x5  
  183  19:12  Terran Infantry Weapons Level 3  
  183  19:13  Terran Infantry Armor Level 3  
  183  19:15  Marine  
  186  19:17  Marauder  
  186  19:18  Marine  
  186  19:19  Marine x4  
  191  19:27  Marauder  
  160  19:36  Marine  
  160  19:37  Marine  
  154  19:38  Marauder  
  154  19:39  Siege Tank  
  146  19:48  Marauder  
  124  19:53  Marine x2  
  124  19:54  Marine x2  
  124  19:55  Marine  
  110  20:00  Marauder  
  110  20:01  Marine x2  
  110  20:02  Marine x4  
  106  20:09  Marine x2  
  106  20:10  Marauder  
  93  20:15  Marine x2  
  93  20:17  Siege Tank  
  93  20:19  Marine  
  99  20:21  Marauder  
  99  20:23  Factory  
  100  20:31  Marauder  
  100  20:33  Marine  
  100  20:34  Marine  
  103  20:36  Medivac x2  
  103  20:42  Marine x2, Marauder  
  109  20:43  Marine x2  
  109  20:47  Marine x2  
  109  20:48  Marine x3  
  118  20:50  Barracks Reactor  
  118  20:51  Barracks Reactor  
  118  20:52  Marauder  
  118  20:54  Barracks Tech Lab  
  118  20:55  Barracks Tech Lab  
  118  20:56  Orbital Command  
  120  20:57  Marine x2  
  120  21:04  Orbital Command, Marauder  
  124  21:05  Missile Turret, Marine  
  124  21:08  Marine  
  124  21:09  Marine x2  
  128  21:14  Marauder  
  128  21:15  Factory Tech Lab  
  128  21:16  Marauder  
  132  21:20  Viking x2  
  132  21:23  Missile Turret  
  132  21:24  Refinery  
  132  21:25  Refinery, Marauder  
  138  21:30  Marine  
  138  21:31  Marauder  
  141  21:35  Supply Depot, Marauder  
  140  21:44  Marine  
  140  21:45  Marauder  
  140  21:46  Marauder, Marine x2  
  146  21:52  Marauder  
  148  21:57  Marauder  
  148  21:58  Siege Tank  
  148  21:59  Terran Vehicle Weapons Level 2  
  153  22:08  Marauder  
  155  22:10  Marine x4, Building Armor  
  155  22:12  Marine x2  
  161  22:18  Siege Tank, Marauder  
  166  22:23  Starport  
  166  22:24  Marine x2  
  166  22:29  Marauder  
  170  22:30  Siege Tank  
  171  22:37  Marine  
  171  22:38  Marauder  
  171  22:39  Orbital Command  
  171  22:42  Marine x3  
  171  22:52  Marine x2  
  171  22:53  Marine, Marauder x2  
  171  22:54  Hellbat  
  171  22:55  SCV x2  
  175  23:02  Siege Tank  
  175  23:03  Marauder, Marine  
  175  23:04  Marine  
  175  23:05  Marauder  
  171  23:25  Marauder x2, Marine x2  
  158  23:32  Marauder, Marine  
  150  23:44  Marine  
  150  23:45  Marauder  
  150  23:47  Marine x2  
  147  23:56  Marine  
  147  23:57  Marine x11  
  147  24:02  Marine  
  156  24:04  Marine  
  156  24:05  Marine  
  156  24:06  Marine  
  159  24:13  Starport Reactor  
  159  24:14  Marine x2  
  159  24:15  Marine x10  
  171  24:17  SCV  
  171  24:18  SCV  
  171  24:19  SCV  
  171  24:20  Marine  
  166  24:36  Marine x2  
  166  24:37  Marauder, Marine  
  167  24:44  Marine  
  167  24:45  Marauder  
  150  24:49  Marine  
  97  24:55  Marine  
  97  24:58  Marine  
  97  24:59  Marauder  
  64  25:02  Marine  
  64  25:04  SCV  
  62  25:09  Marine  
  59  25:16  Marine  
  57  25:26  SCV x2  
  57  25:27  SCV x3  
  57  25:28  Marine x2  
  64  25:45  Marine x2  
  64  25:49  Marine x3  
  66  25:50  Marauder, Marine  
  66  25:52  Marauder x2  
Show
View Real Time Build Order
Export as new Build Order

Bruno Terran - Winner!

Build Orders: Mech 

Get SALT Encoding   

  12  0:01  SCV  
  13  0:13  SCV  
  14  0:25  SCV  
  14  0:27  Supply Depot  
  15  0:34  Refinery  
  15  0:49  SCV  
  16  0:53  Barracks  
  16  1:01  SCV  
  17  1:13  SCV  
  18  1:25  SCV  
  19  1:32  Supply Depot  
  19  1:37  SCV  
  20  1:41  Marine  
  20  1:45  Factory  
  21  1:50  Orbital Command  
  21  1:58  Marine  
  21  2:15  SCV  
  21  2:16  Marine  
  23  2:34  Hellion, Marine  
  26  2:43  Command Center  
  25  3:11  Factory Tech Lab  
  25  3:16  Barracks Reactor  
  25  3:18  Command Center  
  25  3:21  SCV  
  25  3:27  Refinery  
  25  3:49  Siege Tank  
  25  3:51  SCV  
  29  3:57  Marine x2  
  31  4:02  Supply Depot  
  31  4:04  Engineering Bay  
  31  4:24  SCV  
  32  4:35  Missile Turret  
  32  4:36  Orbital Command  
  32  4:37  Orbital Command  
  32  4:42  Missile Turret, SCV  
  33  4:48  Siege Tank  
  36  4:54  Starport, Marine x2  
  36  4:55  SCV  
  33  5:18  Orbital Command  
  33  5:23  Siege Tank  
  36  5:29  Marine x2  
  36  5:33  Starport Reactor  
  38  5:43  SCV x2  
  38  5:44  Orbital Command  
  40  5:55  Siege Tank  
  43  5:59  SCV x2  
  45  6:07  Marine x2  
  45  6:08  Refinery  
  45  6:09  Refinery  
  45  6:11  SCV x2  
  49  6:13  Viking x2  
  51  6:36  Missile Turret  
  51  6:40  Missile Turret  
  51  6:43  Viking x2  
  52  6:54  SCV x3  
  55  7:04  Missile Turret  
  55  7:06  SCV x2  
  55  7:07  SCV  
  58  7:10  Barracks Reactor  
  58  7:18  SCV x2  
  58  7:19  SCV, Missile Turret  
  58  7:21  Missile Turret  
  58  7:41  SCV x2  
  60  7:44  SCV  
  60  7:45  Missile Turret  
  60  7:47  Siege Tank  
  64  7:53  SCV  
  64  7:56  Factory  
  65  7:59  Factory  
  65  8:00  Factory  
  65  8:04  SCV x2  
  67  8:10  Missile Turret, Marine x2  
  69  8:13  Infernal Pre-Igniter  
  69  8:25  Supply Depot  
  69  8:27  Supply Depot  
  69  8:47  SCV x2, Viking  
  73  8:55  Missile Turret  
  71  8:59  SCV x3  
  73  9:04  Supply Depot  
  73  9:08  Supply Depot  
  73  9:09  Supply Depot  
  73  9:11  SCV, Armory  
  73  9:14  Supply Depot  
  74  9:19  Factory Tech Lab  
  74  9:21  Factory Tech Lab  
  74  9:30  SCV x3  
  77  9:39  Siege Tank, Starport  
  77  9:40  Siege Tank x2  
  77  9:41  Hellion x2  
  77  9:42  Viking x2  
  94  9:46  SCV x2  
  94  9:49  Command Center  
  94  9:51  Refinery  
  94  9:52  Refinery  
  96  9:54  Armory  
  96  9:58  SCV x2  
  96  9:59  SCV, Armory  
  99  10:10  SCV x2  
  101  10:14  SCV  
  102  10:22  SCV  
  102  10:23  SCV  
  104  10:40  Missile Turret  
  104  10:41  SCV x3  
  107  10:46  Starport Reactor  
  107  10:51  Terran Vehicle Weapons Level 1  
  107  10:52  Terran Vehicle And Ship Armor Level 1, Terran Ship Weapons Level 1  
  107  10:57  Supply Depot  
  107  10:58  Supply Depot  
  107  11:00  Supply Depot  
  107  11:01  Siege Tank x3  
  116  11:07  Hellion x2  
  120  11:17  Liberator x2  
  100  11:33  Siege Tank x3  
  100  11:37  Hellion, Hellbat  
  104  12:29  Siege Tank x3  
  111  12:37  Viking x2  
  112  13:01  Siege Tank  
  112  13:02  Hellion x2  
  105  13:09  SCV x2  
  104  13:16  Liberator  
  104  13:17  Liberator  
  104  13:18  Orbital Command  
  101  13:26  SCV x2  
  103  13:34  Command Center x2  
  108  14:10  Command Center  
  102  14:53  Siege Tank  
  102  14:54  Hellion, Siege Tank  
  102  14:55  SCV x2  
  112  15:05  Planetary Fortress  
  112  15:06  Factory  
  110  15:12  Refinery, Factory  
  110  15:14  Refinery  
  106  15:15  Hellion, Factory  
  108  15:23  Missile Turret  
  108  15:24  Missile Turret  
  108  15:25  Missile Turret  
  108  15:28  SCV x3  
  109  15:33  Siege Tank x2  
  115  15:37  Viking x4  
  115  15:39  Missile Turret  
  115  15:40  Missile Turret  
  115  15:41  Missile Turret  
  120  15:44  Missile Turret  
  120  15:46  Missile Turret  
  120  15:47  Missile Turret  
  114  15:58  Orbital Command  
  114  16:02  Refinery  
  114  16:07  Refinery, Viking x2  
  114  16:08  Viking x2  
  122  16:19  Missile Turret  
  122  16:23  Siege Tank  
  125  16:29  Factory Tech Lab x2  
  125  16:38  Factory Reactor  
  125  16:39  SCV x4  
  129  16:49  SCV  
  129  16:51  SCV x4  
  131  17:01  SCV  
  131  17:03  SCV x2  
  128  17:16  Siege Tank x4  
  140  17:39  Viking x3  
  140  17:40  Viking  
  146  17:46  Hellion x2  
  146  17:48  Siege Tank  
  153  17:52  Command Center  
  153  18:00  Siege Tank  
  147  18:16  Hellion  
  146  18:29  Viking  
  146  18:30  Hellion  
  147  18:34  Viking  
  147  19:04  SCV x4, Viking x2, Siege Tank x2  
  161  19:25  Supply Depot  
  161  19:30  Siege Tank  
  161  19:42  Viking  
  161  19:43  Viking  
  162  19:47  Hellion, Siege Tank, Viking  
  162  19:48  Hellion, Siege Tank  
  162  19:50  Siege Tank  
  163  19:59  Liberator  
  136  20:12  Viking  
  126  20:19  Siege Tank x2  
  126  20:20  Hellion x2  
  139  20:23  SCV x3  
  139  20:27  Refinery  
  142  20:29  Orbital Command  
  142  20:33  Terran Vehicle Weapons Level 2  
  142  20:34  Terran Vehicle And Ship Armor Level 2  
  142  20:37  Hellion x2  
  142  20:41  Hellion x2  
  150  20:51  Hellion x2  
  150  20:57  Refinery x2  
  154  20:59  Hellion x2  
  154  21:03  Hellion  
  160  21:10  Command Center  
  160  21:12  Siege Tank  
  160  21:13  Siege Tank  
  166  21:19  Viking  
  168  21:26  Siege Tank  
  167  21:33  Hellion  
  167  21:36  Hellion  
  167  21:39  Siege Tank  
  170  21:45  Siege Tank  
  169  22:15  Supply Depot  
  169  22:16  Refinery  
  169  22:21  Hellion x6  
  181  22:26  Orbital Command  
  181  22:29  Refinery  
  181  22:39  Supply Depot  
  181  22:43  Hellion x3  
  181  22:44  Hellion x2  
  191  22:52  Siege Tank  
  188  23:04  Siege Tank  
  188  23:05  Hellion x2  
  189  23:06  Hellion x2  
  191  23:17  Viking x3  
  191  23:24  Hellion  
  191  23:26  Thor  
  191  23:27  Hellion  
  183  23:30  Thor  
  183  23:47  Viking  
  183  23:48  Liberator x2  
  181  23:56  Thor  
  173  24:07  Siege Tank  
  173  24:09  Liberator, Siege Tank  
  185  24:28  Hellion  
  185  24:29  Hellion  
  185  24:31  Liberator  
  140  24:52  Siege Tank x4  
  115  25:18  Hellion x2  
  117  25:24  Hellion x3, Siege Tank  
  121  25:39  Hellion x2  
  125  25:46  Hellion x3  
Tags
 
Add a new tag
Caveats
  • Supply blocks, unpowered buildings, or Contaminate may cause inaccurate times.
  • Supply counts are checked every 10 seconds.